 Dungeon Sprint DCSS version 0.17.0-17-ge4ba49f (webtiles) character file.

4700000 Iamburgie the Grand Master (level 27, -14/249 HPs)
             Began as a Human Monk on Nov 11, 2015.
             Was the Champion of Makhleb.
             Demolished by The Servant
             ... wielding a +9 glaive of flaming
              (137 damage)
             ... in the Dungeon (Sprint VIII: "Arena of Blood").
             The game lasted 00:01:12 (47 turns).

Iamburgie the Grand Master (Human Monk)               Turns: 47, Time: 00:01:12

Health: -14/249    AC:  4    Str: 13    XL:     27
Magic:  27/54      EV: 38    Int: 13    God:    Makhleb [******]
Gold:   0          SH:  0    Dex: 25    Spells: 0 memorised, 80 levels left

rFire  . . .     SeeInvis .     i - +∞ Axe of Woe
rCold  . . .     Clarity  .     a - +0 robe
rNeg   . . .     SustAt   .     (shield currently unavailable)
rPois  .         Gourm    .     (no helmet)
rElec  .         Spirit   .     (no cloak)
rCorr  .         Warding  .     (no gloves)
rMut   .         NoTele   +     (no boots)
MR     ++...                    (no amulet)
Stlth  +++++++++.               (no ring)
                                (no ring)

@: very resistant to hostile enchantments, incredibly stealthy
A: no striking features
a: Minor Destruction, Lesser Servant of Makhleb, Major Destruction, Greater
Servant of Makhleb, Renounce Religion


You were in the Dungeon.
You worshipped Makhleb.
Makhleb was exalted by your worship.
You were not hungry.

You visited 1 branch

Inventory:

Hand Weapons
 i - the +∞ Axe of Woe (weapon)
   (You found it in the Dungeon)
Armour
 a - a +0 robe (worn)
Scrolls
 h - a scroll of blinking
Potions
 c - a potion of curing
 d - a potion of heal wounds
 e - a potion of haste
 f - 2 potions of magic
 g - a potion of berserk rage
Comestibles
 b - a bread ration


   Skills:
 O Level 27 Fighting
 O Level 27 Axes
 O Level 27 Throwing
 O Level 27 Armour
 O Level 27 Dodging
 O Level 27 Stealth
 O Level 27 Unarmed Combat
 O Level 27 Spellcasting
 O Level 27 Invocations


You had 80 spell levels left.
You didn't know any spells.

Dungeon Overview and Level Annotations

Branches:
Dungeon (1/1)

Altars:
Makhleb

Annotations:
D The Servant


Message History

A tyrant comes into view.
You hear a shout! x4
An orc and an ogre come into view.
The tyrant shouts!
You dice the meat berserker like an onion!!!
You pulverise the meat berserker into a thin bloody mist.
You kill the meat berserker!
Makhleb accepts your kill.
You feel better.
You hit the crawling corpse.
You slaughter the crawling corpse joyfully.
You destroy the crawling corpse!
You are engulfed in roaring flames.
You hear a shout! x2
The large bag of meat is engulfed in roaring flames.
You hear a shout! x2
The bag of meat moves out of view.
The destroyer blinks!
You hear a shout! x2
The Servant hits you from afar with a +9 glaive of flaming!!!!
Ouch! That really hurt!
You die...

........###......
.o..#........_..o...
...#o.o....#.....#
#C.o...oo..#_)<._#
.o.#..o...§#.....#..
...oo#........_......
.............###......
......o§###)))....###.
......x@§.#§§§....#
.O....§§§@#§§§....#
.#..%.§CVx))§.§.....
#.#.#..§.§......@...
.#.#.L..)...........
#.#.#..%...........#
%#.#%..%.#........#.
§.................#
#.......##.#.......


You could see a tyrant, The Servant, a destroyer, 2 large bags of meat, a meat
berserker (berserk), a small abomination and 11 bags of meat.

Vanquished Creatures
  6 vampire knights (D)
  17 ogres (D)
  A lich (D)
  33 orcs (D)
  3 hill giants (D)
  A skeletal warrior (D)
  2 small abominations (D)
  2 crawling corpses (D)
65 creatures vanquished.

Notes
Turn   | Place    | Note
--------------------------------------------------------------
     0 | D        | Iamburgie the Human Monk began the quest for the Orb.
     0 | D        | Reached XP level 1. HP: 18/18 MP: 1/1
     2 | D        | Noticed a bag of meat
     2 | D        | Noticed a meat berserker
     3 | D        | Became a worshipper of Makhleb the Destroyer
     3 | D        | Reached * piety under Makhleb
     3 | D        | Reached ** piety under Makhleb
     6 | D        | Killed a meat berserker
     6 | D        | Reached skill level 15 in Fighting
     6 | D        | Reached skill level 15 in Dodging
     6 | D        | Reached skill level 23 in Unarmed Combat
     6 | D        | Reached XP level 2. HP: 21/45 MP: 2/2
     6 | D        | Reached XP level 3. HP: 23/51 MP: 3/3
     6 | D        | Reached XP level 4. HP: 26/58 MP: 4/4
     6 | D        | Reached XP level 5. HP: 28/64 MP: 5/5
     6 | D        | Reached XP level 6. HP: 31/71 MP: 6/6
     6 | D        | Reached XP level 7. HP: 33/77 MP: 7/7
     6 | D        | Reached XP level 8. HP: 36/84 MP: 8/8
     6 | D        | Reached XP level 9. HP: 39/91 MP: 9/9
     6 | D        | Reached XP level 10. HP: 42/98 MP: 10/10
     6 | D        | Reached XP level 11. HP: 44/104 MP: 11/11
     6 | D        | Reached XP level 12. HP: 46/111 MP: 12/12
     6 | D        | Reached XP level 13. HP: 48/117 MP: 13/13
     7 | D        | Noticed a bag of meat
     7 | D        | Noticed a bag of meat
     8 | D        | Noticed a bag of meat
     9 | D        | Noticed a bag of meat
     9 | D        | Noticed a meat berserker
     9 | D        | Noticed a bag of meat
     9 | D        | Noticed a meat berserker
     9 | D        | Noticed a bag of meat
     9 | D        | Noticed a bag of meat
     9 | D        | Noticed a bag of meat
     9 | D        | Noticed a bag of meat
    10 | D        | Noticed a bag of meat
    11 | D        | Noticed a bag of meat
    11 | D        | Noticed a bag of meat
    11 | D        | Noticed a bag of meat
    11 | D        | Noticed a bag of meat
    11 | D        | Noticed a bag of meat
    12 | D        | Noticed a bag of meat
    12 | D        | Noticed a bag of meat
    12 | D        | Noticed a meat berserker
    12 | D        | Noticed a meat berserker
    12 | D        | Killed a bag of meat
    12 | D        | Reached skill level 24 in Unarmed Combat
    12 | D        | Reached XP level 14. HP: 102/128 MP: 14/14
    12 | D        | Killed a meat berserker
    12 | D        | Reached *** piety under Makhleb
    12 | D        | Reached skill level 27 in Unarmed Combat
    12 | D        | Reached XP level 15. HP: 134/141 MP: 15/15
    13 | D        | Noticed a bag of meat
    13 | D        | Noticed a bag of meat
    13 | D        | Noticed a large bag of meat
    13 | D        | Noticed a bag of meat
    14 | D        | Noticed a bag of meat
    14 | D        | Noticed a bag of meat
    14 | D        | Killed a bag of meat
    14 | D        | Reached skill level 10 in Stealth
    14 | D        | Reached XP level 16. HP: 148/152 MP: 16/16
    14 | D        | Killed a meat berserker
    14 | D        | Reached **** piety under Makhleb
    14 | D        | Killed a bag of meat
    14 | D        | Reached skill level 10 in Axes
    14 | D        | Reached XP level 17. HP: 158/169 MP: 17/17
    14 | D        | Killed a bag of meat
    14 | D        | Killed a bag of meat
    14 | D        | Reached skill level 27 in Fighting
    14 | D        | Reached XP level 18. HP: 179/182 MP: 18/18
    14 | D        | Noticed a bag of meat
    15 | D        | Noticed a meat berserker
    15 | D        | Noticed a meat berserker
    15 | D        | Killed a meat berserker
    15 | D        | Reached ***** piety under Makhleb
    15 | D        | Reached skill level 27 in Dodging
    15 | D        | Killed a bag of meat
    15 | D        | Killed a bag of meat
    15 | D        | Reached XP level 19. HP: 189/189 MP: 19/19
    15 | D        | Killed a bag of meat
    15 | D        | Killed a meat berserker
    15 | D        | Reached skill level 27 in Axes
    15 | D        | Reached XP level 20. HP: 197/197 MP: 20/20
    16 | D        | Noticed a meat berserker
    16 | D        | Noticed a bag of meat
    16 | D        | Killed a meat berserker
    16 | D        | Reached ****** piety under Makhleb
    16 | D        | Reached skill level 27 in Stealth
    16 | D        | Killed a bag of meat
    16 | D        | Killed a bag of meat
    16 | D        | Reached skill level 10 in Throwing
    16 | D        | Reached skill level 10 in Armour
    16 | D        | Reached XP level 21. HP: 204/204 MP: 20/34
    18 | D        | Noticed a destroyer
    18 | D        | Killed a bag of meat
    18 | D        | Killed a bag of meat
    18 | D        | Reached skill level 15 in Invocations
    19 | D        | Killed a meat berserker
    19 | D        | Reached skill level 15 in Spellcasting
    19 | D        | Killed a bag of meat
    19 | D        | Reached XP level 22. HP: 212/212 MP: 20/42
    19 | D        | Killed a bag of meat
    20 | D        | Killed a bag of meat
    20 | D        | Killed a large bag of meat
    21 | D        | Killed a bag of meat
    21 | D        | Killed a bag of meat
    21 | D        | Reached XP level 23. HP: 219/219 MP: 21/47
    21 | D        | Killed a bag of meat
    22 | D        | Killed a bag of meat
    23 | D        | Noticed a bag of meat
    23 | D        | Killed a bag of meat
    23 | D        | Killed a bag of meat
    23 | D        | Killed a bag of meat
    23 | D        | Reached skill level 27 in Invocations
    24 | D        | Killed a meat berserker
    24 | D        | Reached skill level 27 in Throwing
    24 | D        | Reached skill level 27 in Armour
    24 | D        | Reached XP level 24. HP: 211/227 MP: 21/53
    25 | D        | Killed a bag of meat
    25 | D        | Reached skill level 27 in Spellcasting
    26 | D        | Noticed a bag of meat
    26 | D        | Killed a destroyer
    27 | D        | Killed a bag of meat
    27 | D        | Reached XP level 25. HP: 234/234 MP: 22/54
    28 | D        | Noticed a large bag of meat
    28 | D        | Noticed a meat berserker
    28 | D        | Noticed a bag of meat
    28 | D        | Noticed a bag of meat
    28 | D        | Noticed a bag of meat
    29 | D        | Noticed a meat berserker
    29 | D        | Noticed a large bag of meat
    30 | D        | Killed a bag of meat
    31 | D        | Noticed a meat berserker
    31 | D        | Noticed The Servant
    31 | D        | Noticed a bag of meat
    31 | D        | Noticed a destroyer
    32 | D        | Noticed a destroyer
    32 | D        | Noticed a meat berserker
    32 | D        | Noticed a meat berserker
    33 | D        | Noticed a meat berserker
    33 | D        | Killed a bag of meat
    33 | D        | Killed a meat berserker
    33 | D        | Killed a meat berserker
    33 | D        | Killed a meat berserker
    33 | D        | Reached XP level 26. HP: 242/242 MP: 24/54
    34 | D        | Killed a destroyer
    35 | D        | Noticed a bag of meat
    35 | D        | Noticed a sculptor of flesh
    35 | D        | Killed a bag of meat
    35 | D        | Killed a large bag of meat
    36 | D        | Noticed a bag of meat
    36 | D        | Noticed a bag of meat
    36 | D        | Killed a meat berserker
    36 | D        | Reached XP level 27. HP: 249/249 MP: 24/54
    36 | D        | Killed a bag of meat
    37 | D        | Noticed a meat berserker
    37 | D        | Noticed a destroyer
    37 | D        | Noticed a destroyer
    37 | D        | Killed a meat berserker
    37 | D        | Killed a large bag of meat
    38 | D        | Killed a destroyer
    38 | D        | Killed a destroyer
    39 | D        | Noticed a large bag of meat
    39 | D        | Noticed a meat berserker
    39 | D        | Killed a bag of meat
    39 | D        | Killed a bag of meat
    40 | D        | Noticed a destroyer
    40 | D        | Killed a meat berserker
    40 | D        | Killed a destroyer
    41 | D        | Noticed a bag of meat
    41 | D        | Noticed a destroyer
    41 | D        | Noticed a bag of meat
    42 | D        | Noticed a bag of meat
    42 | D        | Noticed a meat berserker
    42 | D        | Killed a bag of meat
    43 | D        | Noticed a bag of meat
    43 | D        | Noticed a bag of meat
    43 | D        | Noticed a bag of meat
    43 | D        | Killed a destroyer
    43 | D        | Noticed a tyrant
    44 | D        | Noticed a bag of meat
    44 | D        | Killed a meat berserker
    44 | D        | Killed a tyrant
    44 | D        | Killed a sculptor of flesh
    44 | D        | Killed a meat berserker
    45 | D        | Noticed a bag of meat
    45 | D        | Noticed a bag of meat
    45 | D        | Noticed a large bag of meat
    45 | D        | Killed a bag of meat
    45 | D        | Noticed a bag of meat
    46 | D        | Noticed a bag of meat
    46 | D        | Killed a bag of meat
    47 | D        | Noticed a tyrant
    47 | D        | Noticed a bag of meat
    47 | D        | Noticed a meat berserker
    47 | D        | Killed a meat berserker
    47 | D        | Demolished by The Servant

Action                   |  1- 3 |  4- 6 |  7- 9 | 10-12 | 13-15 | 16-18 | 19-21 | 22-24 | 25-27 || total
-------------------------+-------+-------+-------+-------+-------+-------+-------+-------+-------++-------
Melee: Executioner's axe |     1 |       |       |       |     2 |     1 |     3 |     8 |    15 ||    30
